Maple Leafs vs Capitals
(R1)
Created - April 23, 2020 at 19:25
Goals
|
Maple Leafs |
3 |
0 |
0 |
0 |
1 |
4 |
Capitals |
2 |
1 |
0 |
0 |
0 |
3 |
|
Shots
|
Maple Leafs |
21 |
6 |
8 |
1 |
3 |
36 |
Capitals |
8 |
11 |
13 |
0 |
3 |
32 |
|
1st period
1. Maple Leafs , Braydon Coburn 1 (Taylor Hall 39, Jordan Staal 48) at 0:06
2. Maple Leafs , Ben Smith 17 (Kyle Clifford 27, Brayden Schenn 27) at 8:53
3. Maple Leafs , Taylor Hall 25 (Jordan Staal 49, Braydon Coburn 21) at 9:47
4. Capitals , Jeff Skinner 7 (PK Subban 25, Brian McGrattan 18) at 11:05
5. Capitals , Jeff Skinner 8 (Joe Pavelski 38, Brent Burns 32) at 13:40
Penalties :
Mikko Koivu (Was) for Tripping (Minor) at 14:45, Kevin Shattenkirk (Tor) for Tripping (Minor) at 14:51
2nd period
6. Capitals , T.J. Oshie 13 (Dan Hamhuis 13, Peter Worrell 14) at 10:22
Penalties :
Braydon Coburn (Tor) for Slashing (Double Minor) at 15:16
3rd period
No Goal
Penalties :
Thomas Vanek (Was) for Hooking (Minor) at 1:56, PK Subban (Was) for Roughing (Minor) at 5:51, Ben Smith (Tor) for Holding (Minor) at 12:10, Brian McGrattan (Was) for Roughing (Minor) at 19:41
Overtime #1
No Goal
Penalties :
No Penalty
Shootout
Maple Leafs, Patrick Kane - Shot Misses the Net
Capitals, Joe Thornton - Stopped by Marc-André Fleury
Maple Leafs, Taylor Hall - Goal!
Capitals, Joe Pavelski - Stopped by Marc-André Fleury
Maple Leafs, Jordan Staal - Shot Misses the Net
Capitals, Thomas Vanek - Stopped by Marc-André Fleury
Penalties :
No Penalty
Goalie Stats
Marc-André Fleury (Tor), 29 saves from 32 shots - (0.906), W, 28-25-8, 65:00 minutes
Tuukka Rask (Was), 33 saves from 36 shots - (0.917), OTL, 24-18-7, 65:00 minutes
Players Stats for Maple Leafs
Player Name G A P +/- PIM S H SB GA TA FO MP PP MP PK MP
------------------------------------------------------------------------------------
Beau Bennett 0 0 0 -1 0 1 3 0 0 0 0/0 8:35 0:00 0:00
Ben Smith 1 0 1 1 2 3 1 0 1 0 0/1 13:53 2:03 0:00
Blake Comeau 0 0 0 -1 0 1 2 2 0 0 0/0 14:39 0:07 1:48
Brayden Schenn 0 1 1 1 0 2 1 1 0 2 4/9 18:33 2:03 1:35
Braydon Coburn 1 1 2 2 4 2 2 2 0 1 0/0 26:47 1:33 1:05
Eric Nystrom 0 0 0 -1 0 1 1 0 0 1 0/1 13:27 0:07 0:00
Hampus Lindholm 0 0 0 1 0 0 1 0 0 0 0/0 20:53 0:53 2:52
Jake Guentzel 0 0 0 -1 0 1 0 0 1 1 0/0 7:56 0:00 0:00
John Klingberg 0 0 0 -3 0 2 1 0 0 0 0/0 24:25 2:29 2:58
Jordan Staal 0 2 2 1 0 1 2 0 1 0 14/28 21:44 2:12 1:09
Kevin Shattenkirk 0 0 0 1 2 5 0 1 1 2 0/0 29:29 2:09 3:21
Kyle Clifford 0 1 1 1 0 2 0 0 0 0 0/1 16:23 2:03 2:02
Marc-Édouard Vlasic 0 0 0 0 0 0 0 0 0 0 0/0 0:27 0:00 0:00
Mika Zibanejad 0 0 0 -1 0 5 2 1 0 0 2/4 14:48 0:07 0:53
Nate Thompson 0 0 0 -1 0 0 0 0 0 1 0/3 7:56 0:00 0:00
Patrick Kane 0 0 0 1 0 5 3 0 1 0 2/7 24:13 2:12 2:24
Ryan Parent 0 0 0 -1 0 0 4 1 1 0 0/0 24:00 1:39 1:23
Taylor Hall 1 1 2 1 0 5 0 0 0 0 1/2 23:52 2:12 2:46
Players Stats for Capitals
Player Name G A P +/- PIM S H SB GA TA FO MP PP MP PK MP
------------------------------------------------------------------------------------
Brent Burns 0 1 1 0 0 2 3 0 0 1 0/0 28:35 2:56 4:04
Brian McGrattan 0 1 1 -1 2 2 1 0 0 0 1/2 16:00 2:43 0:00
Dan Hamhuis 0 1 1 1 0 2 1 0 0 0 0/0 22:28 2:36 1:59
Jeff Skinner 2 0 2 1 0 4 2 0 0 0 2/4 16:38 1:03 0:00
Joe Pavelski 0 1 1 -2 0 2 2 2 2 0 3/3 23:26 2:18 2:35
Joe Thornton 0 0 0 0 0 0 1 0 0 0 6/9 9:57 2:55 3:22
Josh Manson 0 0 0 1 0 0 0 0 0 0 0/0 4:55 0:00 0:24
Mikko Koivu 0 0 0 -1 2 1 0 1 2 0 0/0 18:50 1:04 0:37
Ondrej Palat 0 0 0 2 0 0 0 0 0 0 0/0 6:40 0:00 0:48
Patrick Sharp 0 0 0 -2 0 4 3 0 0 0 9/19 22:34 2:18 1:01
Peter Worrell 0 1 1 1 0 1 2 1 0 1 1/1 10:56 0:00 0:00
PK Subban 0 1 1 1 2 2 3 4 1 1 0/0 27:36 3:28 2:47
Roman Josi 0 0 0 1 0 2 2 0 0 0 5/9 13:42 0:00 0:53
Ryan Getzlaf 0 0 0 -1 0 2 0 0 1 0 5/7 15:24 2:38 0:00
Ryan Suter 0 0 0 -1 0 0 0 0 1 2 0/0 13:21 0:32 0:00
T.J. Oshie 1 0 1 1 0 4 3 0 0 0 0/1 16:17 0:37 1:31
Thomas Vanek 0 0 0 -2 2 2 2 2 1 0 1/1 22:13 2:36 0:31
Torey Krug 0 0 0 1 0 2 1 1 0 1 0/0 22:28 2:36 1:59
3 Stars
1 - Jeff Skinner (Was)
2 - Taylor Hall (Tor)
3 - Braydon Coburn (Tor)
Power Play
Maple Leafs - 0 on 4 Attempt(s) - 0.00%
Capitals - 0 on 4 Attempt(s) - 0.00%
Penalty Kill
Maple Leafs - 4 on 4 Attempt(s) - 100.00%
- Score 0 goal in Penalty Kill
Capitals - 4 on 4 Attempt(s) - 100.00%
- Score 0 goal in Penalty Kill
Team Stat
Maple Leafs - Hits : 23 - Faceoff Wins : 23 - Blocked Shots : 8 - Penalty Minutes : 8
Capitals - Hits : 26 - Faceoff Wins : 33 - Blocked Shots : 11 - Penalty Minutes : 8
Official
Referees : Unknown
Linesman : Unknown
Game Notes
Marc-Édouard Vlasic is injured at 0:33 of 1st period (Strained Right Elbow)
Finance
Level 1 -- Attendance: 5720 (95.33%) -- Ticket Income $583,440
Level 2 -- Attendance: 5000 (100.00%) -- Ticket Income $260,000
Level 3 -- Attendance: 2000 (100.00%) -- Ticket Income $84,000
Level 4 -- Attendance: 3892 (97.30%) -- Ticket Income $101,192
Luxury Box -- Attendance: 819 (81.90%) -- Ticket Income $158,067
Game was played at the Verizon Center.
Total Attendance: 17431 (96.84%)
Total Ticket Income: $1,186,699
Other Income: $178,005
Total Income: $1,364,704
Maple Leafs
5 vs 5 Forward
Center Left Wing Right Wing Time % Phy DF OF
1 Jordan Staal Taylor Hall Patrick Kane 40 1 2 2
2 Brayden Schenn Kyle Clifford Ben Smith 30 1 2 2
3 Mika Zibanejad Eric Nystrom Blake Comeau 20 1 2 2
4 Nate Thompson Jake Guentzel Beau Bennett 10 1 2 2
5 vs 5 Defense
Defense Defense Time % Phy DF OF
1 Kevin Shattenkirk Braydon Coburn 40 1 2 2
2 John Klingberg Marc-Édouard Vlasic 30 1 2 2
3 Ryan Parent Hampus Lindholm 20 1 2 2
4 Kevin Shattenkirk Braydon Coburn 10 1 2 2
PowerPlay Forward
Center Left Wing Right Wing Time % Phy DF OF
1 Jordan Staal Taylor Hall Patrick Kane 60 1 2 2
2 Brayden Schenn Kyle Clifford Ben Smith 40 1 2 2
PowerPlay Defense
Defense Defense Time % Phy DF OF
1 Kevin Shattenkirk Braydon Coburn 60 1 2 2
2 John Klingberg Marc-Édouard Vlasic 40 1 2 2
Penalty Kill 4 Players Forward
Center Wing Time % Phy DF OF
1 Patrick Kane Taylor Hall 60 1 2 2
2 Jordan Staal Brayden Schenn 40 1 2 2
Penalty Kill 4 Players Defense
Defense Defense Time % Phy DF OF
1 Kevin Shattenkirk Braydon Coburn 60 1 2 2
2 John Klingberg Marc-Édouard Vlasic 40 1 2 2
Penalty Kill - 3 Players Forward
Forward Time % Phy DF OF
1 Patrick Kane 60 1 2 2
2 Taylor Hall 40 1 2 2
Penalty Kill - 3 Players Defense
Defense Defense Time % Phy DF OF
1 Kevin Shattenkirk Braydon Coburn 60 1 2 2
2 John Klingberg Marc-Édouard Vlasic 40 1 2 2
4 vs 4 Forward
Center Wing Time % Phy DF OF
1 Patrick Kane Taylor Hall 60 1 2 2
2 Jordan Staal Brayden Schenn 40 1 2 2
4 vs 4 Defense
Defense Defense Time % Phy DF OF
1 Kevin Shattenkirk Braydon Coburn 60 1 2 2
2 John Klingberg Marc-Édouard Vlasic 40 1 2 2
Last Minutes Offensive
Center Left Wing Right Wing Defense Defense
Jordan Staal Taylor Hall Patrick Kane Kevin Shattenkirk Braydon Coburn
Last Minutes Defensive
Center Left Wing Right Wing Defense Defense
Jordan Staal Taylor Hall Patrick Kane Kevin Shattenkirk Braydon Coburn
Goaltenders
Starting : Marc-André Fleury
Backup : Tyler Weiman
Extra Forwards
Normal : Eric Nystrom, Mika Zibanejad, Blake Comeau - PP : Eric Nystrom, Mika Zibanejad - PK : Blake Comeau
Extra Defensemen
Normal : Ryan Parent, Hampus Lindholm, John Klingberg - PP : Ryan Parent - PK : Hampus Lindholm, John Klingberg
Penalty Shots
Patrick Kane, Taylor Hall, Jordan Staal, Brayden Schenn, Kyle Clifford
Scratches
None
Capitals
5 vs 5 Forward
Center Left Wing Right Wing Time % Phy DF OF
1 Patrick Sharp Thomas Vanek Joe Pavelski 40 1 2 2
2 Ryan Getzlaf Mikko Koivu Brian McGrattan 30 1 2 2
3 Roman Josi Peter Worrell T.J. Oshie 20 1 2 2
4 Jeff Skinner Ondrej Palat PK Subban 10 1 2 2
5 vs 5 Defense
Defense Defense Time % Phy DF OF
1 Brent Burns PK Subban 40 1 2 2
2 Torey Krug Dan Hamhuis 30 1 2 2
3 Ryan Suter Jeff Skinner 20 1 2 2
4 Josh Manson Brent Burns 10 1 2 2
PowerPlay Forward
Center Left Wing Right Wing Time % Phy DF OF
1 Joe Thornton Thomas Vanek Joe Pavelski 60 1 2 2
2 Ryan Getzlaf Patrick Sharp Brian McGrattan 40 1 2 2
PowerPlay Defense
Defense Defense Time % Phy DF OF
1 Brent Burns PK Subban 60 1 2 2
2 Torey Krug Dan Hamhuis 40 1 2 2
Penalty Kill 4 Players Forward
Center Wing Time % Phy DF OF
1 Joe Thornton Joe Pavelski 60 1 2 2
2 Thomas Vanek Patrick Sharp 40 1 2 2
Penalty Kill 4 Players Defense
Defense Defense Time % Phy DF OF
1 Brent Burns PK Subban 60 1 2 2
2 Torey Krug Dan Hamhuis 40 1 2 2
Penalty Kill - 3 Players Forward
Forward Time % Phy DF OF
1 Joe Thornton 60 1 2 2
2 Joe Pavelski 40 1 2 2
Penalty Kill - 3 Players Defense
Defense Defense Time % Phy DF OF
1 Brent Burns PK Subban 60 1 2 2
2 Torey Krug Dan Hamhuis 40 1 2 2
4 vs 4 Forward
Center Wing Time % Phy DF OF
1 Joe Thornton Joe Pavelski 60 1 2 2
2 Thomas Vanek Patrick Sharp 40 1 2 2
4 vs 4 Defense
Defense Defense Time % Phy DF OF
1 Brent Burns PK Subban 60 1 2 2
2 Torey Krug Dan Hamhuis 40 1 2 2
Last Minutes Offensive
Center Left Wing Right Wing Defense Defense
Joe Thornton Thomas Vanek Joe Pavelski Brent Burns PK Subban
Last Minutes Defensive
Center Left Wing Right Wing Defense Defense
Joe Thornton Thomas Vanek Joe Pavelski Brent Burns PK Subban
Goaltenders
Starting : Tuukka Rask
Backup : Mike Smith
Extra Forwards
Normal : Jeff Skinner, Mikko Koivu, T.J. Oshie - PP : Jeff Skinner, Mikko Koivu - PK : T.J. Oshie
Extra Defensemen
Normal : Ryan Suter, Roman Josi, Josh Manson - PP : Ryan Suter - PK : Roman Josi, Josh Manson
Penalty Shots
Joe Thornton, Joe Pavelski, Thomas Vanek, Patrick Sharp, Ryan Getzlaf
Scratches
Ryan Nugent-Hopkins (Healthy), Jason Pominville (Healthy)
% Time on Ice - Maple Leafs
Lines # - Real PCT - Wanted PCT - Time Play
Normal Forward
1 - 35% - 40% - 16:36
2 - 26% - 30% - 12:17
3 - 23% - 20% - 10:52
4 - 17% - 10% - 7:56
Normal Defense
1 - 34% - 40% - 16:08
2 - 41% - 30% - 19:19
3 - 21% - 20% - 9:49
4 - 5% - 10% - 2:25
PP Forward
1 - 53% - 60% - 2:19
2 - 47% - 40% - 2:03
PP Defense
1 - 35% - 60% - 1:32
2 - 65% - 40% - 2:50
PK Forward
1 - 81% - 60% - 4:55
2 - 19% - 40% - 1:09
PK Defense
1 - 65% - 60% - 3:55
2 - 35% - 40% - 2:09
PK3 Forward
1 - 0% - 60%
2 - 0% - 40%
PK3 Defense
1 - 0% - 60%
2 - 0% - 40%
44 Forward
1 - 73% - 60% - 5:02
2 - 27% - 40% - 1:51
44 Defense
1 - 35% - 60% - 2:24
2 - 65% - 40% - 4:29
Last Minute Offensive - 0:00
Last Minute Defensive - 0:00
Total
Forward - 65:00
Defense - 65:00
|
% Time on Ice - Capitals
Lines # - Real PCT - Wanted PCT - Time Play
Normal Forward
1 - 35% - 40% - 16:52
2 - 34% - 30% - 16:02
3 - 22% - 20% - 10:40
4 - 9% - 10% - 4:07
Normal Defense
1 - 33% - 40% - 15:52
2 - 34% - 30% - 16:03
3 - 24% - 20% - 11:15
4 - 9% - 10% - 4:31
PP Forward
1 - 53% - 60% - 3:12
2 - 47% - 40% - 2:52
PP Defense
1 - 57% - 60% - 3:28
2 - 43% - 40% - 2:36
PK Forward
1 - 77% - 60% - 3:21
2 - 23% - 40% - 1:01
PK Defense
1 - 63% - 60% - 2:45
2 - 37% - 40% - 1:37
PK3 Forward
1 - 80% - 60% - 1:21
2 - 20% - 40% - 0:20
PK3 Defense
1 - 78% - 60% - 1:19
2 - 22% - 40% - 0:22
44 Forward
1 - 74% - 60% - 3:52
2 - 26% - 40% - 1:20
44 Defense
1 - 56% - 60% - 2:55
2 - 44% - 40% - 2:17
Last Minute Offensive - 0:00
Last Minute Defensive - 0:00
Total
Forward - 65:00
Defense - 65:00
|
Play-by-Play
1st period
0:01 of 1st period - Jordan Staal wins face-off versus Patrick Sharp in neutral zone.
0:06 of 1st period - Backhand shot by Braydon Coburn.
0:06 of 1st period - Deflect By Brent Burns.
0:06 of 1st period - Goal by Braydon Coburn - Maple Leafs : 1 - Capitals : 0.
0:07 of 1st period - Ryan Getzlaf wins face-off versus Kyle Clifford in neutral zone.
0:20 of 1st period - Slapshot by Ryan Getzlaf.
0:20 of 1st period - Shot Misses the Net.
0:32 of 1st period - Marc-Édouard Vlasic is hit by Peter Worrell and loses puck.
0:33 of 1st period - Marc-Édouard Vlasic from Maple Leafs is injured at 0:33 of 1st period (Strained Right Elbow).
0:34 of 1st period - Jordan Staal wins face-off versus Patrick Sharp in Maple Leafs zone.
0:45 of 1st period - Wrist shot by Taylor Hall.
0:45 of 1st period - Stopped by Tuukka Rask with a rebound.
0:47 of 1st period - Slapshot by Ryan Parent.
0:47 of 1st period - Deflect By Patrick Kane.
0:47 of 1st period - Stopped by Tuukka Rask without a rebound.
0:48 of 1st period - Jeff Skinner wins face-off versus Nate Thompson in Capitals zone.
0:48 of 1st period - Jeff Skinner is hit by Beau Bennett.
1:24 of 1st period - Snap shot by Kevin Shattenkirk.
1:24 of 1st period - Stopped by Tuukka Rask with a rebound.
1:38 of 1st period - Slapshot by Mika Zibanejad.
1:38 of 1st period - Stopped by Tuukka Rask without a rebound.
1:39 of 1st period - Roman Josi wins face-off versus Mika Zibanejad in Capitals zone.
1:39 of 1st period - Roman Josi is hit by Mika Zibanejad.
2:12 of 1st period - Icing by Dan Hamhuis.
2:13 of 1st period - Roman Josi wins face-off versus Ben Smith in Capitals zone.
2:18 of 1st period - Kevin Shattenkirk is hit by Roman Josi.
3:57 of 1st period - Wrist shot by Ben Smith.
3:57 of 1st period - Shot Misses the Net.
3:59 of 1st period - Slapshot by Kyle Clifford.
3:59 of 1st period - Stopped by Tuukka Rask without a rebound.
4:00 of 1st period - Patrick Sharp wins face-off versus Brayden Schenn in Capitals zone.
4:00 of 1st period - Patrick Sharp is hit by Brayden Schenn.
4:23 of 1st period - Slapshot by Brayden Schenn.
4:23 of 1st period - Stopped by Tuukka Rask without a rebound.
4:24 of 1st period - Jordan Staal wins face-off versus Ryan Getzlaf in Capitals zone.
4:27 of 1st period - Snap shot by Jordan Staal.
4:27 of 1st period - Shot Blocked by PK Subban.
4:29 of 1st period - Snap shot by Taylor Hall.
4:29 of 1st period - Shot Misses the Net.
4:37 of 1st period - Snap shot by Jordan Staal.
4:37 of 1st period - Deflect By Patrick Kane.
4:37 of 1st period - Shot Blocked by PK Subban.
4:37 of 1st period - Puck is out of play.
4:38 of 1st period - Patrick Sharp wins face-off versus Jordan Staal in Capitals zone.
5:51 of 1st period - Snap shot by Taylor Hall.
5:51 of 1st period - Deflect By Patrick Kane.
5:51 of 1st period - Shot Misses the Net.
5:51 of 1st period - Puck is out of play.
5:52 of 1st period - Ryan Getzlaf wins face-off versus Mika Zibanejad in Capitals zone.
6:29 of 1st period - Snap shot by Jordan Staal.
6:29 of 1st period - Stopped by Tuukka Rask without a rebound.
6:30 of 1st period - Brayden Schenn wins face-off versus Patrick Sharp in Capitals zone.
7:04 of 1st period - Snap shot by Patrick Kane.
7:04 of 1st period - Stopped by Tuukka Rask without a rebound.
7:05 of 1st period - Patrick Sharp wins face-off versus Jordan Staal in Capitals zone.
7:05 of 1st period - Patrick Sharp is hit by Patrick Kane.
7:11 of 1st period - Slapshot by Jeff Skinner.
7:11 of 1st period - Shot Misses the Net.
7:43 of 1st period - Slapshot by Jeff Skinner.
7:43 of 1st period - Shot Misses the Net.
7:51 of 1st period - Ryan Suter is hit by Ryan Parent and loses puck.
8:02 of 1st period - Kyle Clifford is hit by Brian McGrattan and loses puck.
8:13 of 1st period - Snap shot by Brian McGrattan.
8:13 of 1st period - Shot Misses the Net.
8:43 of 1st period - Wrist shot by Brian McGrattan.
8:43 of 1st period - Stopped by Marc-André Fleury with a rebound.
8:53 of 1st period - Snap shot by Ben Smith.
8:53 of 1st period - Goal by Ben Smith - Maple Leafs : 2 - Capitals : 0.
8:54 of 1st period - Joe Pavelski wins face-off versus Jordan Staal in neutral zone.
9:07 of 1st period - Slapshot by Brent Burns.
9:07 of 1st period - Shot Misses the Net.
9:09 of 1st period - Snap shot by Joe Pavelski.
9:09 of 1st period - Stopped by Marc-André Fleury without a rebound.
9:10 of 1st period - Mika Zibanejad wins face-off versus T.J. Oshie in Maple Leafs zone.
9:18 of 1st period - Braydon Coburn is hit by PK Subban.
9:47 of 1st period - Snap shot by Taylor Hall.
9:47 of 1st period - Goal by Taylor Hall - Maple Leafs : 3 - Capitals : 0.
9:48 of 1st period - Jordan Staal wins face-off versus Patrick Sharp in neutral zone.
9:55 of 1st period - Wrist shot by Jordan Staal.
9:55 of 1st period - Deflect By Taylor Hall.
9:55 of 1st period - Shot Blocked by PK Subban.
9:55 of 1st period - Puck is out of play.
9:56 of 1st period - Jordan Staal wins face-off versus Patrick Sharp in Capitals zone.
10:09 of 1st period - Wrist shot by Jordan Staal.
10:09 of 1st period - Shot Misses the Net.
10:11 of 1st period - Snap shot by Taylor Hall.
10:11 of 1st period - Stopped by Tuukka Rask with a rebound.
10:23 of 1st period - Wrist shot by Taylor Hall.
10:23 of 1st period - Shot Misses the Net.
10:25 of 1st period - Snap shot by Braydon Coburn.
10:25 of 1st period - Shot Blocked by Thomas Vanek.
10:27 of 1st period - Slapshot by Kevin Shattenkirk.
10:27 of 1st period - Stopped by Tuukka Rask without a rebound.
10:28 of 1st period - Ryan Getzlaf wins face-off versus Nate Thompson in Capitals zone.
10:35 of 1st period - Snap shot by Beau Bennett.
10:35 of 1st period - Shot Blocked by Mikko Koivu.
11:05 of 1st period - Snap shot by Jeff Skinner.
11:05 of 1st period - Goal by Jeff Skinner - Maple Leafs : 3 - Capitals : 1.
11:06 of 1st period - Joe Pavelski wins face-off versus Jordan Staal in neutral zone.
11:54 of 1st period - Slapshot by Jake Guentzel.
11:54 of 1st period - Stopped by Tuukka Rask with a rebound.
12:44 of 1st period - Kevin Shattenkirk is hit by Jeff Skinner.
13:18 of 1st period - Slapshot by Kyle Clifford.
13:18 of 1st period - Shot Misses the Net.
13:20 of 1st period - Snap shot by Ben Smith.
13:20 of 1st period - Stopped by Tuukka Rask with a rebound.
13:40 of 1st period - Snap shot by Joe Pavelski.
13:40 of 1st period - Deflect By Jeff Skinner.
13:40 of 1st period - Goal by Jeff Skinner - Maple Leafs : 3 - Capitals : 2.
13:41 of 1st period - Patrick Sharp wins face-off versus Jordan Staal in neutral zone.
13:52 of 1st period - Wrist shot by Patrick Sharp.
13:52 of 1st period - Shot Misses the Net.
14:02 of 1st period - Dan Hamhuis is hit by Jordan Staal and loses puck.
14:15 of 1st period - Slapshot by Mika Zibanejad.
14:15 of 1st period - Stopped by Tuukka Rask with a rebound.
14:23 of 1st period - Wrist shot by Mika Zibanejad.
14:23 of 1st period - Stopped by Tuukka Rask without a rebound.
14:24 of 1st period - Brayden Schenn wins face-off versus Jeff Skinner in Capitals zone.
14:35 of 1st period - Snap shot by Ben Smith.
14:35 of 1st period - Shot Misses the Net.
14:37 of 1st period - Snap shot by Brayden Schenn.
14:37 of 1st period - Stopped by Tuukka Rask with a rebound.
14:39 of 1st period - Slapshot by Ryan Parent.
14:39 of 1st period - Shot Misses the Net.
14:45 of 1st period - Minor Penalty to Mikko Koivu for Tripping.
14:46 of 1st period - Joe Thornton wins face-off versus Jordan Staal in Capitals zone.
14:46 of 1st period - Joe Thornton is hit by Patrick Kane.
14:51 of 1st period - Minor Penalty to Kevin Shattenkirk for Tripping.
14:52 of 1st period - Joe Thornton wins face-off versus Patrick Kane in Maple Leafs zone.
14:52 of 1st period - Wrist shot by Joe Pavelski.
14:52 of 1st period - Deflect By Joe Thornton.
14:52 of 1st period - Shot Misses the Net.
14:52 of 1st period - Puck is out of play.
14:53 of 1st period - Joe Thornton wins face-off versus Patrick Kane in Maple Leafs zone.
15:12 of 1st period - Joe Pavelski is hit by Patrick Kane and loses puck.
15:39 of 1st period - Slapshot by Patrick Sharp.
15:39 of 1st period - Stopped by Marc-André Fleury with a rebound.
15:41 of 1st period - Snap shot by Thomas Vanek.
15:41 of 1st period - Shot Misses the Net.
16:13 of 1st period - Wrist shot by Jeff Skinner.
16:13 of 1st period - Shot Misses the Net.
16:24 of 1st period - Icing by Dan Hamhuis.
16:25 of 1st period - Jeff Skinner wins face-off versus Patrick Kane in Capitals zone.
16:43 of 1st period - Brayden Schenn is hit by Thomas Vanek and loses puck.
16:45 of 1st period - Penalty to Mikko Koivu is over, Mikko Koivu is back on ice.
16:51 of 1st period - Penalty to Kevin Shattenkirk is over, Kevin Shattenkirk is back on ice.
17:04 of 1st period - Snap shot by Kevin Shattenkirk.
17:04 of 1st period - Stopped by Tuukka Rask without a rebound.
17:05 of 1st period - Roman Josi wins face-off versus Eric Nystrom in Capitals zone.
17:10 of 1st period - Snap shot by T.J. Oshie.
17:10 of 1st period - Stopped by Marc-André Fleury with a rebound.
17:16 of 1st period - Wrist shot by Peter Worrell.
17:16 of 1st period - Shot Misses the Net.
17:18 of 1st period - Snap shot by Roman Josi.
17:18 of 1st period - Shot Blocked by Mika Zibanejad.
17:20 of 1st period - Slapshot by Jeff Skinner.
17:20 of 1st period - Shot Misses the Net.
17:38 of 1st period - Patrick Sharp is hit by Eric Nystrom and loses puck.
18:34 of 1st period - Wrist shot by Taylor Hall.
18:34 of 1st period - Stopped by Tuukka Rask with a rebound.
18:36 of 1st period - Backhand shot by John Klingberg.
18:36 of 1st period - Stopped by Tuukka Rask without a rebound.
18:37 of 1st period - Patrick Sharp wins face-off versus Brayden Schenn in Capitals zone.
18:42 of 1st period - Braydon Coburn is hit by Patrick Sharp and loses puck.
18:49 of 1st period - Snap shot by Patrick Sharp.
18:49 of 1st period - Shot Misses the Net.
18:51 of 1st period - Wrist shot by Patrick Sharp.
18:51 of 1st period - Stopped by Marc-André Fleury with a rebound.
18:53 of 1st period - Snap shot by Dan Hamhuis.
18:53 of 1st period - Stopped by Marc-André Fleury with a rebound.
19:10 of 1st period - Snap shot by T.J. Oshie.
19:10 of 1st period - Shot Blocked by Braydon Coburn.
19:26 of 1st period - PK Subban is hit by Blake Comeau.
19:58 of 1st period - Slapshot by Jeff Skinner.
19:58 of 1st period - Deflect By T.J. Oshie.
19:58 of 1st period - Shot Misses the Net.
19:58 of 1st period - Puck is out of play.
19:59 of 1st period - Brayden Schenn wins face-off versus Roman Josi in Maple Leafs zone.
19:59 of 1st period - Brayden Schenn is hit by T.J. Oshie.
Goals for this period are 3 for Maple Leafs vs 2 for Capitals.
Shots for this period are 21 for Maple Leafs vs 8 for Capitals.
2nd period
0:01 of 2nd period - Patrick Sharp wins face-off versus Jordan Staal in neutral zone.
0:04 of 2nd period - Wrist shot by Patrick Sharp.
0:04 of 2nd period - Stopped by Marc-André Fleury without a rebound.
0:05 of 2nd period - Jordan Staal wins face-off versus Patrick Sharp in Maple Leafs zone.
0:05 of 2nd period - Jordan Staal is hit by Thomas Vanek.
1:05 of 2nd period - Thomas Vanek is hit by Ryan Parent and loses puck.
1:22 of 2nd period - Wrist shot by Blake Comeau.
1:22 of 2nd period - Shot Blocked by Peter Worrell.
3:07 of 2nd period - Ben Smith is hit by Roman Josi and loses puck.
3:26 of 2nd period - Wrist shot by Mika Zibanejad.
3:26 of 2nd period - Stopped by Tuukka Rask without a rebound.
3:27 of 2nd period - Jordan Staal wins face-off versus Patrick Sharp in Capitals zone.
3:28 of 2nd period - Snap shot by Patrick Kane.
3:28 of 2nd period - Deflect By Thomas Vanek.
3:28 of 2nd period - Shot Misses the Net.
3:28 of 2nd period - Puck is out of play.
3:29 of 2nd period - Jordan Staal wins face-off versus Patrick Sharp in Capitals zone.
3:34 of 2nd period - Slapshot by Taylor Hall.
3:34 of 2nd period - Stopped by Tuukka Rask with a rebound.
3:36 of 2nd period - Snap shot by Jordan Staal.
3:36 of 2nd period - Shot Misses the Net.
4:18 of 2nd period - Wrist shot by Roman Josi.
4:18 of 2nd period - Shot Blocked by Braydon Coburn.
4:20 of 2nd period - Slapshot by PK Subban.
4:20 of 2nd period - Stopped by Marc-André Fleury without a rebound.
4:21 of 2nd period - Mika Zibanejad wins face-off versus Roman Josi in Maple Leafs zone.
4:28 of 2nd period - Slapshot by Peter Worrell.
4:28 of 2nd period - Stopped by Marc-André Fleury with a rebound.
4:30 of 2nd period - Snap shot by PK Subban.
4:30 of 2nd period - Deflect By Peter Worrell.
4:30 of 2nd period - Shot Misses the Net.
4:30 of 2nd period - Puck is out of play.
4:31 of 2nd period - Patrick Sharp wins face-off versus Taylor Hall in Maple Leafs zone.
4:40 of 2nd period - Slapshot by Hampus Lindholm.
4:40 of 2nd period - Shot Blocked by Thomas Vanek.
5:04 of 2nd period - Snap shot by Brent Burns.
5:04 of 2nd period - Stopped by Marc-André Fleury with a rebound.
5:06 of 2nd period - Slapshot by Ryan Getzlaf.
5:06 of 2nd period - Stopped by Marc-André Fleury with a rebound.
5:08 of 2nd period - Snap shot by Ryan Getzlaf.
5:08 of 2nd period - Deflect By Brian McGrattan.
5:08 of 2nd period - Shot Misses the Net.
5:08 of 2nd period - Puck is out of play.
5:09 of 2nd period - Patrick Sharp wins face-off versus Jordan Staal in Maple Leafs zone.
6:05 of 2nd period - Snap shot by Jeff Skinner.
6:05 of 2nd period - Stopped by Marc-André Fleury with a rebound.
6:10 of 2nd period - Off-side.
6:11 of 2nd period - Jordan Staal wins face-off versus Roman Josi in neutral zone.
6:23 of 2nd period - Off-side.
6:24 of 2nd period - Taylor Hall wins face-off versus Patrick Sharp in neutral zone.
6:29 of 2nd period - Wrist shot by Patrick Kane.
6:29 of 2nd period - Shot Blocked by Joe Pavelski.
6:31 of 2nd period - Slapshot by Kevin Shattenkirk.
6:31 of 2nd period - Shot Blocked by Joe Pavelski.
6:33 of 2nd period - Wrist shot by Patrick Kane.
6:33 of 2nd period - Stopped by Tuukka Rask without a rebound.
6:34 of 2nd period - Jordan Staal wins face-off versus Patrick Sharp in Capitals zone.
7:05 of 2nd period - Snap shot by Patrick Kane.
7:05 of 2nd period - Stopped by Tuukka Rask without a rebound.
7:06 of 2nd period - Ryan Getzlaf wins face-off versus Brayden Schenn in Capitals zone.
7:33 of 2nd period - Beau Bennett is hit by Dan Hamhuis and loses puck.
9:06 of 2nd period - Off-side.
9:07 of 2nd period - Jordan Staal wins face-off versus Roman Josi in neutral zone.
9:52 of 2nd period - Snap shot by Taylor Hall.
9:52 of 2nd period - Shot Blocked by Torey Krug.
10:06 of 2nd period - Wrist shot by Roman Josi.
10:06 of 2nd period - Shot Blocked by Kevin Shattenkirk.
10:14 of 2nd period - Snap shot by Roman Josi.
10:14 of 2nd period - Stopped by Marc-André Fleury with a rebound.
10:16 of 2nd period - Slapshot by Torey Krug.
10:16 of 2nd period - Deflect By Roman Josi.
10:16 of 2nd period - Stopped by Marc-André Fleury with a rebound.
10:18 of 2nd period - Wrist shot by Peter Worrell.
10:18 of 2nd period - Shot Misses the Net.
10:20 of 2nd period - Slapshot by Dan Hamhuis.
10:20 of 2nd period - Shot Misses the Net.
10:22 of 2nd period - Slapshot by T.J. Oshie.
10:22 of 2nd period - Goal by T.J. Oshie - Maple Leafs : 3 - Capitals : 3.
10:23 of 2nd period - Thomas Vanek wins face-off versus Brayden Schenn in neutral zone.
10:49 of 2nd period - Brian McGrattan is hit by Hampus Lindholm and loses puck.
11:00 of 2nd period - Eric Nystrom is hit by Brent Burns and loses puck.
11:16 of 2nd period - Ryan Suter is hit by Braydon Coburn.
13:33 of 2nd period - Nate Thompson is hit by Peter Worrell.
13:57 of 2nd period - Slapshot by Kevin Shattenkirk.
13:57 of 2nd period - Deflect By Mika Zibanejad.
13:57 of 2nd period - Stopped by Tuukka Rask without a rebound.
13:58 of 2nd period - Peter Worrell wins face-off versus Jordan Staal in Capitals zone.
14:00 of 2nd period - Icing by PK Subban.
14:01 of 2nd period - Roman Josi wins face-off versus Jordan Staal in Capitals zone.
14:50 of 2nd period - Snap shot by Ryan Getzlaf.
14:50 of 2nd period - Stopped by Marc-André Fleury with a rebound.
14:52 of 2nd period - Snap shot by Mikko Koivu.
14:52 of 2nd period - Shot Misses the Net.
14:54 of 2nd period - Slapshot by Brian McGrattan.
14:54 of 2nd period - Deflect By Ryan Getzlaf.
14:54 of 2nd period - Shot Misses the Net.
14:54 of 2nd period - Puck is out of play.
14:55 of 2nd period - Jordan Staal wins face-off versus Ryan Getzlaf in Maple Leafs zone.
15:05 of 2nd period - Icing by Dan Hamhuis.
15:06 of 2nd period - Jordan Staal wins face-off versus Brian McGrattan in Capitals zone.
15:16 of 2nd period - Double Minor Penalty to Braydon Coburn for Slashing.
15:17 of 2nd period - Patrick Kane wins face-off versus Joe Thornton in Maple Leafs zone.
15:17 of 2nd period - Patrick Kane is hit by PK Subban.
16:10 of 2nd period - Jordan Staal is hit by Brent Burns and loses puck.
16:36 of 2nd period - PK Subban is hit by Ryan Parent and loses puck.
16:49 of 2nd period - Wrist shot by Ryan Getzlaf.
16:49 of 2nd period - Shot Misses the Net.
16:51 of 2nd period - Wrist shot by Patrick Sharp.
16:51 of 2nd period - Shot Misses the Net.
16:53 of 2nd period - Slapshot by Dan Hamhuis.
16:53 of 2nd period - Shot Misses the Net.
16:55 of 2nd period - Snap shot by Brian McGrattan.
16:55 of 2nd period - Stopped by Marc-André Fleury without a rebound.
16:56 of 2nd period - Patrick Kane wins face-off versus Joe Thornton in Maple Leafs zone.
17:40 of 2nd period - Slapshot by Kyle Clifford.
17:40 of 2nd period - Stopped by Tuukka Rask with a rebound.
18:31 of 2nd period - Thomas Vanek is hit by Mika Zibanejad and loses puck.
19:03 of 2nd period - John Klingberg is hit by PK Subban and loses puck.
19:16 of 2nd period - Penalty to Braydon Coburn is over, Braydon Coburn is back on ice.
19:48 of 2nd period - Hampus Lindholm is hit by T.J. Oshie and loses puck.
Goals for this period are 0 for Maple Leafs vs 1 for Capitals.
Shots for this period are 6 for Maple Leafs vs 11 for Capitals.
3rd period
0:01 of 3rd period - Patrick Sharp wins face-off versus Jordan Staal in neutral zone.
0:34 of 3rd period - Wrist shot by Mikko Koivu.
0:34 of 3rd period - Stopped by Marc-André Fleury with a rebound.
0:48 of 3rd period - Backhand shot by Kevin Shattenkirk.
0:48 of 3rd period - Stopped by Tuukka Rask with a rebound.
0:54 of 3rd period - Torey Krug is hit by Braydon Coburn and loses puck.
1:07 of 3rd period - Slapshot by Thomas Vanek.
1:07 of 3rd period - Stopped by Marc-André Fleury with a rebound.
1:49 of 3rd period - Wrist shot by Patrick Kane.
1:49 of 3rd period - Stopped by Tuukka Rask with a rebound.
1:51 of 3rd period - Wrist shot by Jordan Staal.
1:51 of 3rd period - Shot Misses the Net.
1:53 of 3rd period - Slapshot by Braydon Coburn.
1:53 of 3rd period - Stopped by Tuukka Rask without a rebound.
1:54 of 3rd period - Joe Pavelski wins face-off versus Jordan Staal in Capitals zone.
1:56 of 3rd period - Minor Penalty to Thomas Vanek for Hooking.
1:57 of 3rd period - Jordan Staal wins face-off versus Joe Thornton in Capitals zone.
3:56 of 3rd period - Penalty to Thomas Vanek is over, Thomas Vanek is back on ice.
4:02 of 3rd period - Thomas Vanek is hit by Blake Comeau and loses puck.
4:11 of 3rd period - Mikko Koivu is hit by Beau Bennett and loses puck.
4:18 of 3rd period - Slapshot by Jeff Skinner.
4:18 of 3rd period - Shot Blocked by Ryan Parent.
4:28 of 3rd period - Nate Thompson is hit by Jeff Skinner.
4:59 of 3rd period - Slapshot by John Klingberg.
4:59 of 3rd period - Shot Misses the Net.
5:01 of 3rd period - Snap shot by Beau Bennett.
5:01 of 3rd period - Stopped by Tuukka Rask with a rebound.
5:03 of 3rd period - Slapshot by John Klingberg.
5:03 of 3rd period - Shot Misses the Net.
5:05 of 3rd period - Snap shot by John Klingberg.
5:05 of 3rd period - Shot Blocked by PK Subban.
5:07 of 3rd period - Slapshot by John Klingberg.
5:07 of 3rd period - Shot Misses the Net.
5:09 of 3rd period - Slapshot by John Klingberg.
5:09 of 3rd period - Stopped by Tuukka Rask without a rebound.
5:10 of 3rd period - Roman Josi wins face-off versus Jordan Staal in Capitals zone.
5:22 of 3rd period - Slapshot by T.J. Oshie.
5:22 of 3rd period - Stopped by Marc-André Fleury with a rebound.
5:24 of 3rd period - Slapshot by Torey Krug.
5:24 of 3rd period - Stopped by Marc-André Fleury without a rebound.
5:25 of 3rd period - Brayden Schenn wins face-off versus Jeff Skinner in Maple Leafs zone.
5:34 of 3rd period - Wrist shot by Brayden Schenn.
5:34 of 3rd period - Deflect By Ben Smith.
5:34 of 3rd period - Stopped by Tuukka Rask with a rebound.
5:51 of 3rd period - Minor Penalty to PK Subban for Roughing.
5:52 of 3rd period - Joe Thornton wins face-off versus Jordan Staal in Capitals zone.
7:51 of 3rd period - Penalty to PK Subban is over, PK Subban is back on ice.
8:43 of 3rd period - Dan Hamhuis is hit by Beau Bennett and loses puck.
9:13 of 3rd period - Brayden Schenn is hit by T.J. Oshie and loses puck.
9:18 of 3rd period - Wrist shot by T.J. Oshie.
9:18 of 3rd period - Stopped by Marc-André Fleury with a rebound.
9:30 of 3rd period - Patrick Kane is hit by Brent Burns and loses puck.
10:23 of 3rd period - Snap shot by Eric Nystrom.
10:23 of 3rd period - Stopped by Tuukka Rask with a rebound.
10:35 of 3rd period - Snap shot by Joe Pavelski.
10:35 of 3rd period - Shot Blocked by Blake Comeau.
10:37 of 3rd period - Snap shot by Brent Burns.
10:37 of 3rd period - Shot Blocked by Blake Comeau.
10:39 of 3rd period - Snap shot by Patrick Sharp.
10:39 of 3rd period - Shot Misses the Net.
10:41 of 3rd period - Snap shot by Patrick Sharp.
10:41 of 3rd period - Stopped by Marc-André Fleury with a rebound.
10:49 of 3rd period - Snap shot by Thomas Vanek.
10:49 of 3rd period - Stopped by Marc-André Fleury with a rebound.
10:57 of 3rd period - Backhand shot by Thomas Vanek.
10:57 of 3rd period - Shot Misses the Net.
10:59 of 3rd period - Slapshot by Brent Burns.
10:59 of 3rd period - Shot Hit the Post.
11:01 of 3rd period - Wrist shot by Joe Pavelski.
11:01 of 3rd period - Shot Misses the Net.
11:03 of 3rd period - Snap shot by PK Subban.
11:03 of 3rd period - Stopped by Marc-André Fleury with a rebound.
11:05 of 3rd period - Wrist shot by Thomas Vanek.
11:05 of 3rd period - Shot Blocked by Brayden Schenn.
11:07 of 3rd period - Slapshot by Joe Pavelski.
11:07 of 3rd period - Shot Misses the Net.
11:09 of 3rd period - Snap shot by Joe Pavelski.
11:09 of 3rd period - Stopped by Marc-André Fleury with a rebound.
11:11 of 3rd period - Slapshot by Brent Burns.
11:11 of 3rd period - Stopped by Marc-André Fleury without a rebound.
11:12 of 3rd period - Ryan Getzlaf wins face-off versus Nate Thompson in Maple Leafs zone.
12:10 of 3rd period - Minor Penalty to Ben Smith for Holding.
12:11 of 3rd period - Brian McGrattan wins face-off versus Patrick Kane in Maple Leafs zone.
12:14 of 3rd period - Slapshot by Dan Hamhuis.
12:14 of 3rd period - Shot Misses the Net.
12:16 of 3rd period - Slapshot by Torey Krug.
12:16 of 3rd period - Stopped by Marc-André Fleury with a rebound.
12:18 of 3rd period - Slapshot by Brian McGrattan.
12:18 of 3rd period - Shot Misses the Net.
12:20 of 3rd period - Snap shot by Dan Hamhuis.
12:20 of 3rd period - Stopped by Marc-André Fleury with a rebound.
12:22 of 3rd period - Snap shot by Jeff Skinner.
12:22 of 3rd period - Stopped by Marc-André Fleury with a rebound.
12:58 of 3rd period - Hampus Lindholm is hit by Joe Thornton and loses puck.
13:39 of 3rd period - Kevin Shattenkirk is hit by Torey Krug and loses puck.
14:10 of 3rd period - Penalty to Ben Smith is over, Ben Smith is back on ice.
14:18 of 3rd period - Snap shot by Beau Bennett.
14:18 of 3rd period - Shot Misses the Net.
14:37 of 3rd period - Snap shot by Blake Comeau.
14:37 of 3rd period - Stopped by Tuukka Rask with a rebound.
14:46 of 3rd period - Roman Josi is hit by Ryan Parent and loses puck.
15:15 of 3rd period - T.J. Oshie is hit by John Klingberg and loses puck.
16:33 of 3rd period - Jordan Staal is hit by Joe Pavelski and loses puck.
19:29 of 3rd period - Jordan Staal is hit by Joe Pavelski and loses puck.
19:41 of 3rd period - Minor Penalty to Brian McGrattan for Roughing.
19:42 of 3rd period - Joe Thornton wins face-off versus Brayden Schenn in Capitals zone.
19:59 of 3rd period - PK Subban is hit by Ben Smith.
Goals for this period are 0 for Maple Leafs vs 0 for Capitals.
Shots for this period are 8 for Maple Leafs vs 13 for Capitals.
Overtime #1
0:01 of 1st overtime period - Joe Thornton wins face-off versus Patrick Kane in neutral zone.
0:48 of 1st overtime period - Slapshot by T.J. Oshie.
0:48 of 1st overtime period - Shot Misses the Net.
0:54 of 1st overtime period - Brent Burns is hit by Jordan Staal and loses puck.
1:31 of 1st overtime period - Slapshot by Kevin Shattenkirk.
1:31 of 1st overtime period - Deflect By Dan Hamhuis.
1:31 of 1st overtime period - Stopped by Tuukka Rask with a rebound.
1:41 of 1st overtime period - Penalty to Brian McGrattan is over, Brian McGrattan is back on ice.
2:11 of 1st overtime period - Jordan Staal is hit by Patrick Sharp and loses puck.
2:19 of 1st overtime period - Hampus Lindholm is hit by Patrick Sharp and loses puck.
Goals for this period are 0 for Maple Leafs vs 0 for Capitals.
Shots for this period are 1 for Maple Leafs vs 0 for Capitals.
ShootOut
5:00 of 1st overtime period - Round #1.
5:00 of 1st overtime period - Maple Leafs, Patrick Kane.
5:00 of 1st overtime period - Deke by Patrick Kane.
5:00 of 1st overtime period - Shot Misses the Net.
5:00 of 1st overtime period - Capitals, Joe Thornton.
5:00 of 1st overtime period - Backhand shot by Joe Thornton.
5:00 of 1st overtime period - Stopped by Marc-André Fleury.
5:00 of 1st overtime period - Round #2.
5:00 of 1st overtime period - Maple Leafs, Taylor Hall.
5:00 of 1st overtime period - Wrist shot by Taylor Hall.
5:00 of 1st overtime period - Goal by Taylor Hall.
5:00 of 1st overtime period - Capitals, Joe Pavelski.
5:00 of 1st overtime period - Snap shot by Joe Pavelski.
5:00 of 1st overtime period - Stopped by Marc-André Fleury.
5:00 of 1st overtime period - Round #3.
5:00 of 1st overtime period - Maple Leafs, Jordan Staal.
5:00 of 1st overtime period - Wrist shot by Jordan Staal.
5:00 of 1st overtime period - Shot Misses the Net.
5:00 of 1st overtime period - Capitals, Thomas Vanek.
5:00 of 1st overtime period - Snap shot by Thomas Vanek.
5:00 of 1st overtime period - Stopped by Marc-André Fleury.
Back to the Top